AoeStats
← 只会打步弓

Fortress

509343726Analyzed
4v4 RM · 7d ago on Sep 26, 2026· 60m 10s· 8 players
Game mode
Random Map
Map size
Huge
Population
200
Speed
Normal
Resources
Standard
Victory
Conquest
Starting age
Dark Age
Ending age
Imperial Age
RankedLock teamsTeams togetherTeam positionsShared explorationLock speedFull tech treeHidden civsTurbo modeCheats
Victory
Defeat
🇹🇷 Saracens · Türkiye
1731
+11
🇹🇷 Varangians · Türkiye
1673
+13
🇫🇷 Bengalis · France
1593
+17
🇫🇷 Hindustanis · France
1528
+20
🇨🇳 Huns · China
1634
-16
🇹🇼 Danes · Taiwan
1631
-16
🇨🇳 Mongols · China
1600
-15
🇨🇳 Magyars · China
1584
-14
DYS.K
7:41 Feudal Age
11:36 Castle Age
9:50 Double-Bit Axe
9:46 Horse Collar
13:49 Heavy Plow
18:24 Wheelbarrow
17:35 Town Watch
18:48 Bow Saw
18:32 Gold Mining
19:45 Loom
21:51 Hand Cart
25:40 Imperial Age
23:15 Stone Mining
24:19 Squires
23:41 Pikeman
24:22 Scale Mail Armor
24:04 Hamask
25:01 Arson
25:32 Chain Mail Armor
25:28 Forging
27:18 Plate Mail Armor
26:10 Halberdier
27:22 Conscription
26:25 Capped Ram
27:42 Siege Engineers
27:24 Northmen's Fury
29:07 Siege Ram
30:07 Masonry
29:54 Murder Holes
30:09 Siege Engineers
31:07 Fletching
31:53 Iron Casting
36:32 Blast Furnace
35:52 Onager
40:30 Bodkin Arrow
46:25 Masonry
47:16 Chemistry
46:38 Ballistics
46:19 Padded Archer Armor
46:22 Bracer
55:47 Caravan
LUCKY
9:29 Feudal Age
11:09 Double-Bit Axe
11:44 Loom
14:11 Castle Age
11:55 Horse Collar
15:35 Bow Saw
15:38 Heavy Plow
17:43 Wheelbarrow
22:43 Gold Mining
22:46 Stone Mining
25:06 Hand Cart
29:09 Imperial Age
27:23 Gold Shaft Mining
27:40 Bloodlines
27:30 Husbandry
27:32 Marauders
28:38 Scale Barding Armor
28:44 Forging
29:50 Chain Barding Armor
29:17 Elite Tarkan
31:07 Two-Man Saw
30:35 Caravan
32:15 Plate Barding Armor
33:05 Iron Casting
33:04 Coinage
32:39 Fletching
37:07 Banking
38:11 Pikeman
38:52 Squires
38:37 Arson
38:50 Light Cavalry
39:18 Halberdier
40:35 Scale Mail Armor
41:36 Blast Furnace
42:12 Chain Mail Armor
43:16 Bodkin Arrow
44:01 Padded Archer Armor
47:19 Bracer
47:57 Light Cavalry
只会打步弓
6:45 Feudal Age
11:13 Castle Age
9:06 Double-Bit Axe
9:23 Horse Collar
12:39 Bow Saw
14:47 Heavy Plow
16:02 Loom
18:49 Wheelbarrow
20:53 Hand Cart
20:45 Gold Mining
20:46 Stone Mining
25:08 Imperial Age
23:02 Fletching
24:11 Bodkin Arrow
24:38 Ballistics
25:13 Gold Shaft Mining
25:02 Thumb Ring
24:59 Padded Archer Armor
26:03 Leather Archer Armor
26:20 Conscription
26:09 Bracer
27:22 Two-Man Saw
27:09 Parthian Tactics
28:17 Chemistry
28:27 Ring Archer Armor
28:04 Heavy Cavalry Archer
28:48 Recurve Bow
31:17 Masonry
33:04 Elite Skirmisher
35:47 Crop Rotation
42:03 Treadmill Crane
47:49 Caravan
53:36 Town Watch
53:43 Capped Ram
小胖子
7:02 Feudal Age
11:05 Castle Age
9:36 Double-Bit Axe
10:07 Horse Collar
12:53 Bow Saw
18:56 Wheelbarrow
24:34 Imperial Age
22:23 Gold Mining
22:26 Fletching
22:57 Stone Mining
23:56 Bodkin Arrow
24:32 Padded Archer Armor
25:11 Elite Mangudai
26:15 Ballistics
26:54 Conscription
26:53 Bracer
27:39 Bloodlines
27:29 Husbandry
28:37 Leather Archer Armor
28:48 Parthian Tactics
28:35 Thumb Ring
30:07 Chemistry
30:56 Caravan
31:22 Heavy Plow
35:35 Onager
37:07 Nomads
37:24 Siege Engineers
37:58 Siege Onager
44:47 Drill
50:22 Coinage
XbugX
7:37 Feudal Age
9:08 Double-Bit Axe
11:44 Castle Age
9:43 Horse Collar
12:59 Bow Saw
16:47 Town Watch
16:50 Loom
17:48 Wheelbarrow
20:11 Gold Mining
20:19 Stone Mining
24:04 Imperial Age
22:31 Scale Barding Armor
22:31 Heavy Plow
23:08 Gold Shaft Mining
23:42 Chain Barding Armor
24:06 Forging
24:38 Husbandry
24:16 Heavy Camel Rider
25:51 Bloodlines
25:41 Husbandry
26:38 Conscription
26:30 Imperial Camel Rider
27:32 Grand Trunk Road
29:06 Plate Barding Armor
30:30 Iron Casting
30:22 Light Cavalry
33:19 Blast Furnace
31:56 Hussar
40:48 Fortified Wall
40:49 Masonry
41:18 Hoardings
42:14 Scale Mail Armor
42:16 Squires
42:01 Arson
45:37 Caravan
60:03 Hand Cart
USTA
7:18 Feudal Age
11:19 Castle Age
10:02 Double-Bit Axe
9:59 Horse Collar
19:05 Bow Saw
20:01 Heavy Plow
21:43 Wheelbarrow
21:41 Gold Mining
21:41 Stone Mining
22:20 Loom
23:40 Hand Cart
26:44 Imperial Age
25:10 Scale Barding Armor
25:15 Forging
26:30 Bloodlines
26:20 Husbandry
26:46 Chain Barding Armor
26:37 Forging
26:27 Town Watch
27:17 Caravan
28:36 Two-Man Saw
28:27 Plate Barding Armor
28:35 Elite Jarl
30:14 Conscription
30:09 Forging
31:30 Iron Casting
33:05 Heavy Scorpion
34:19 Crop Rotation
34:52 Blast Furnace
34:48 Ballistics
35:28 Chemistry
35:58 Onager
37:16 Coinage
39:01 Banking
41:17 Masonry
44:43 Stone Shaft Mining
48:25 Fletching
49:14 Architecture
48:25 Treadmill Crane
49:44 Bodkin Arrow
50:46 Capped Ram
51:36 Siege Engineers
51:55 Siege Ram
60:03 Bracer
60:15 Fortified Wall
60:03 Guard Tower
60:20 Siphons
Tifur
7:36 Feudal Age
11:18 Castle Age
9:40 Double-Bit Axe
9:37 Horse Collar
12:19 Bow Saw
13:06 Loom
13:59 Wheelbarrow
19:40 Gold Mining
20:49 Fletching
24:18 Imperial Age
22:40 Hand Cart
22:31 Bodkin Arrow
22:59 Ballistics
23:17 Town Watch
24:10 Heavy Plow
24:18 Elite Elephant Archer
25:22 Conscription
25:05 Bracer
26:36 Caravan
27:14 Padded Archer Armor
27:36 Paiks
30:22 Leather Archer Armor
31:17 Chemistry
30:59 Siege Engineers
34:29 Bloodlines
34:19 Husbandry
35:00 Siege Elephant
36:32 Ring Archer Armor
36:35 Coinage
39:54 Masonry
41:17 Town Patrol
42:01 Mahayana
49:37 Architecture
52:17 Banking
51:58 Guilds
57:42 Fortified Wall
59:57 Murder Holes
59:49 Arrowslits
lalalalala
6:51 Feudal Age
10:33 Castle Age
8:38 Horse Collar
9:04 Double-Bit Axe
9:38 Gold Mining
11:50 Bow Saw
15:54 Wheelbarrow
17:14 Loom
18:06 Hand Cart
19:25 Gold Shaft Mining
19:58 Stone Mining
24:20 Imperial Age
21:59 Scale Barding Armor
22:11 Heavy Plow
23:18 Chain Barding Armor
23:09 Forging
24:47 Bloodlines
24:38 Husbandry
26:32 Two-Man Saw
24:58 Elite Mameluke
25:59 Conscription
27:29 Plate Barding Armor
29:25 Caravan
29:12 Light Cavalry
34:41 Fletching
35:28 Iron Casting
36:20 Hoardings
36:33 Town Watch
37:57 Blast Furnace
39:08 Fletching
39:25 Onager
40:48 Bodkin Arrow
41:18 Siege Engineers
41:26 Masonry
43:11 Siege Onager
44:19 Counterweights
46:31 Chemistry
45:15 Hussar
46:30 Ballistics
51:05 Coinage
60:28 Bracer
Connection lost

Rejoining the realm…

Still unreachable

The connection could not be restored.

Session expired

The server has moved on; the page needs a fresh start.